 Dungeon Crawl Stone Soup version 0.26.0-18-gc5c842f807 (webtiles) character file.

Game seed: 15175696839300080916

30 kaeus the Firebug (level 3, -2/19 HPs)
             Began as a Gargoyle Fire Elementalist on Jan 23, 2021.
             Killed from afar by an orc wizard (7 damage)
             ... with a magic dart
             ... on level 2 of the Dungeon.
             The game lasted 00:02:03 (1578 turns).

kaeus the Firebug (Gargoyle Fire Elementalist)      Turns: 1578, Time: 00:02:04

Health: -2/19      AC:  6    Str: 11    XL:     3   Next: 18%
Magic:  2/6        EV: 11    Int: 16    God:
Gold:   86         SH:  0    Dex: 10    Spells: 5/6 levels left

rFire    + . .     SeeInvis .   k - staff of fire
rCold    . . .     Faith    .   (no shield)
rNeg     + . .     Spirit   .   b - +0 leather armour
rPois    ∞         Reflect  .   (no helmet)
rElec    +         Harm     .   e - scarf {repulsion}
rCorr    .         Rampage  .   (no gloves)
Will     .....                  (no boots)
Stlth    ++........             (no amulet)
HPRegen  0.06/turn              (no ring)
MPRegen  0.10/turn              (no ring)

@: slowed, repel missiles, very slow
A: negative energy resistance 1, electricity resistance, unbreathing,
petrification resistance, miasma immunity, AC +3
a: no special abilities


You were on level 2 of the Dungeon.
You visited 1 branch of the dungeon, and saw 2 of its levels.

You collected 86 gold pieces.

Inventory:

Armour
 b - a +0 leather armour (worn)
 e - a scarf of repulsion (worn)
Magical Staves
 k - an uncursed staff of fire (weapon)
Scrolls
 c - 3 scrolls of identify {unknown}
 f - a scroll of blinking {unknown}
 j - 2 scrolls of teleportation {unknown}
Potions
 a - a potion of cancellation {unknown}
 d - a potion of might {unknown}
 g - 2 potions of attraction {unknown}
 h - 2 potions of heal wounds {unknown}
 i - 2 potions of flight {unknown}


   Skills:
 - Level 1.5 Dodging
 - Level 2.1 Stealth
 + Level 2.3 Spellcasting
 + Level 1.8 Conjurations
 * Level 3.6 Fire Magic


You had 5 spell levels left.
You knew the following spells:

 Your Spells              Type           Power        Failure   Level
a - Foxfire               Conj/Fire      64%          9%          1

Your spell library contained the following spells:

 Spells                   Type           Power        Failure   Level
 Conjure Flame            Conj/Fire      16%          26%         3
 Inner Flame              Hex/Fire       11%          36%         3
 Sticky Flame             Conj/Fire      16%          63%         4
 Fireball                 Conj/Fire      8%           93%         5


Dungeon Overview and Level Annotations

Branches:
Dungeon (2/15)

Altars:


Innate Abilities, Weirdness & Mutations

You are resistant to torment.
Your stone body is resilient. (AC +3)
You are immune to poison.
You resist negative energy. (rN+)
You are resistant to electric shocks. (rElec)
You can survive without breathing.
You are immune to petrification.
You are immune to miasma.


Message History

The orc wizard points at you and mumbles some strange words.
The magic dart hits you!
You take 7 damage, and have 6/19 hp.
MASSIVE DAMAGE!!
Your magical contamination has completely faded away.
The orc wizard gestures wildly while chanting.
The orc wizard seems to speed up.
The orc wizard gestures at you while chanting.
You feel yourself slow down.
The orc wizard points at you and mumbles some strange words.
You feel as though you will be slow longer.
The orc wizard closely misses you.
There is a stone staircase leading down here.
Casting: Foxfire (safe; 9% risk of failure)
Confirm with . or Enter, or press ? or * to list all spells.
You feel a surge of power!
You conjure some foxfire!
The orc wizard hits you with a +0 dagger.
* * * LOW HITPOINT WARNING * * *
The orc wizard casts a spell at you. The magic dart hits you!
You die...

#(##.######.....#.##.†######.#.
#.##.# ##....#............#.
#.##.# #....##############.
#.##.# #....#..............
#.##.# ##...#.#############
#)##.# #...#.............. #.##.#
#...#..............
###'##.#########o###.############
...............v@....#
......########.v.....#
.............'.......#
......########.......# ......#
#.......# ......# #########
......# #######


You could see an orc wizard (fast).

Vanquished Creatures
  An adder (D:2)
  A worm (D:2)
  An orc (D:2)
  3 bats
  A giant cockroach (D:2)
  4 hobgoblins
  A quokka (D:2)
  A frilled lizard (D:1)
  A kobold (D:2)
  3 rats (D:1)
17 creatures vanquished.

Vanquished Creatures (others)
  41 foxfires
41 creatures vanquished.

Grand Total: 58 creatures vanquished

Notes
Turn   | Place    | Note
-------+----------+-------------------------------------------
     0 | D:1      | kaeus the Gargoyle Fire Elementalist began the quest for
                  | the Orb.
     0 | D:1      | Reached XP level 1. HP: 10/10 MP: 3/3
   698 | D:1      | Reached XP level 2. HP: 15/15 MP: 0/5
  1275 | D:2      | Reached XP level 3. HP: 17/19 MP: 1/6
  1578 | D:2      | Killed from afar by an orc wizard

Illustrated notes

Levels and vault maps discovered:
D:1:      dpeg_arrival_leaves_temple_mockup, layout_loops_ring,
          minmay_pentomino_o2
D:2:      layout_basic, uniq_terence

Action                   || total
-------------------------++-------
Melee: Unarmed           ||     7
       Club              ||    16
       Staff             ||    10
 Cast: Foxfire           ||    40
Armor: Leather armour    ||    11
Dodge: Dodged            ||    27
